 Dungeon Crawl Stone Soup version 0.30.0-29-ga12c61a403 (webtiles) character file.

Game seed: 14191032163877637288

389 qw the Chopper (level 6, -1/38 HPs)
             Began as a Gargoyle Fighter on June 4, 2023.
             Slain by an orc priest
             ... wielding a +0 flail
              (8 damage)
             ... on level 4 of the Dungeon.
             The game lasted 00:01:32 (3723 turns).

qw the Chopper (Gargoyle Fighter)                   Turns: 3723, Time: 00:01:33

Health: -1/38      AC: 14    Str: 22    XL:     6   Next: 79%
Magic:  6/6        EV:  9    Int:  8    God:
Gold:   131        SH:  4    Dex:  9    Spells: 5/5 levels left

rFire   . . .        Y - +1 war axe
rCold   . . .        c - +0 buckler
rNeg    + . .        b - +0 scale mail
rPois   inf          (no helmet)
rElec   +            k - +1 cloak
rCorr   .            (no gloves)
SInv    .            h - +0 pair of boots
Will    .....        (no amulet) Stlth
                     (no ring)
HPRegen 0.26/turn    (no ring)
MPRegen 0.10/turn

%: no passive effects
@: no status effects
A: sickness immunity, AC +4, negative energy resistance 1, electricity
resistance, torment resistance 1, petrification resistance
a: no special abilities


You were on level 4 of the Dungeon.
You visited 1 branch of the dungeon, and saw 4 of its levels.

You collected 131 gold pieces.


Innate Abilities, Weirdness & Mutations

You are immune to sickness and miasma.
Your stone body is resilient. (AC +4)
You are immune to poison.
You resist negative energy. (rN+)
You are resistant to electric shocks. (rElec)
You are resistant to unholy torment.
You are immune to petrification.


   Skills:
 - Level 4.0 Fighting
 + Level 5.7 Axes
 - Level 3.2 Armour
 - Level 1.5 Dodging
 - Level 3.2 Shields


You had 5 spell levels left.
You didn't know any spells.
Your spell library was empty.

Inventory:

Hand Weapons
 a - a +0 flail
 Y - a +1 war axe (weapon)
Missiles
 j - 5 boomerangs (quivered)
Armour
 b - a +0 scale mail (worn)
 c - a +0 buckler (worn)
 h - a +0 pair of boots (worn)
 k - a +1 cloak (worn)
Scrolls
 f - a scroll of fear {unknown}
 i - a scroll of identify
Potions
 d - 3 potions of might
 e - a potion of lignification {unknown}
 g - a potion of magic {unknown}

Dungeon Overview and Level Annotations

Branches:
Dungeon (4/15)
 Temple: D:4-7

Altars:
Ashenzari


Message History

A magic dart appears from out of thin air!
The magic dart hits you but does no damage.
You closely miss something.
You hear some strange, mumbled words.
You are confused.
You hear some strange, mumbled words.
Something tries to affect you, but you resist.
The orc priest mumbles some strange prayers to Beogh against you.
Beogh smites you! Something hits you but does no damage.
Something hits you but does no damage. Something hits you but does no damage.
Something hits you but does no damage.
You feel less confused.
You hear some strange, mumbled words.
Something tries to affect you, but you resist.
You miss something. Something hits you but does no damage.
You barely miss something. Something hits you but does no damage.
You slash something!
Reactivating autopickup.
You feel a bit more experienced.
You closely miss the orc. The orc closely misses you.
You hit the orc but do no damage.
The orc hits you with a +2 vampiric whip.
The orc hits you but does no damage.
You slash the orc!
You kill the orc!
You slash the orc!
You kill the orc!
You hit the orc priest.
The orc priest is heavily wounded.
The orc priest barely misses you.
You barely miss the orc priest.
The orc priest is heavily wounded.
The orc priest hits you but does no damage.
The orc priest hits you with a +0 flail!
You die...

..._...+ ..#.# .......#
....# .......###.#.#
........#....#
.##'##.}#....#
)#...#..#....#
.....#....#..#
........###..###########
..#+.#.## #....)@o......
.......# ##.###########
......... ....
########.....## #.#####
.. #####.# ..# #.....#
...# ..######### ...#


You could see an orc priest.

Vanquished Creatures
  A phantom (D:3)
  A scorpion (D:4)
  An iguana (D:4)
  2 orc wizards
  5 adders
  4 gnolls
  4 worms
  3 dart slugs (D:2)
  10 orcs
  3 endoplasms
  4 giant cockroaches
  6 goblins
  4 hobgoblins
  4 jackals (D:3)
  3 quokkas
  5 ball pythons
  8 bats
  6 frilled lizards
  9 kobolds
  A rat (D:2)
84 creatures vanquished.

Notes
Turn   | Place    | Note
-------+----------+-------------------------------------------
     0 | D:1      | qw the Gargoyle Fighter began the quest for the Orb.
     0 | D:1      | Reached XP level 1. HP: 14/14 MP: 1/1
     0 | D:1      | 0 ||| qw: Version: 0.2-a-107-g4668610
     0 | D:1      | 0 ||| qw: Game counter: 1306
     0 | D:1      | 0 ||| qw: Always use a shield: true
     0 | D:1      | 0 ||| qw: God list: Okawaru
     0 | D:1      | 0 ||| qw: Allow faded altars: false
     0 | D:1      | 0 ||| qw: Do Orc after D:15 true
     0 | D:1      | 0 ||| qw: Do second Lair branch before Depths: true
     0 | D:1      | 0 ||| qw: Lair rune preference: random
     0 | D:1      | 0 ||| qw: Plans: Normal, Zot:1-4, Slime:5, God:TSO, Crypt,
                  | Tomb, Abyss, Pan, Hells, Win
     0 | D:1      | 0 ||| PLANNING D:1-11
    99 | D:1      | Reached skill level 2 in Axes
   175 | D:1      | 175 ||| Stepping ~*~*~tactically~*~*~ (hiding).
   815 | D:1      | Reached XP level 2. HP: 19/19 MP: 2/2
  1126 | D:1      | 1126 ||| UPGRADING to +1 cloak.
  1131 | D:1      | 1131 ||| READING scroll labelled MEIM DUBREVE.
  1132 | D:1      | 1132 ||| READING scroll labelled WAUQAS XONG.
  1135 | D:1      | 1135 ||| READING scroll labelled YMOSIAGIDA.
  1136 | D:1      | 1136 ||| READING scroll labelled SOYDEE QOTZAR.
  1188 | D:2      | 1188 ||| Stepping ~*~*~tactically~*~*~ (hiding).
  1189 | D:2      | 1189 ||| Stepping ~*~*~tactically~*~*~ (hiding).
  1422 | D:2      | Reached skill level 3 in Axes
  1434 | D:2      | 1434 ||| Stepping ~*~*~tactically~*~*~ (hiding).
  1445 | D:2      | Reached XP level 3. HP: 23/23 MP: 3/3
  1612 | D:2      | Found the +5 robe of Misfortune {Harm *Corrode *Slow EV+5}
  1810 | D:2      | 1810 ||| Stepping ~*~*~tactically~*~*~ (hiding).
  2039 | D:2      | 2039 ||| Stepping ~*~*~tactically~*~*~ (hiding).
  2215 | D:2      | Reached XP level 4. HP: 28/28 MP: 4/4
  2263 | D:2      | Reached skill level 4 in Axes
  2452 | D:2      | 2452 ||| UPGRADING to +0 pair of boots.
  2457 | D:2      | 2457 ||| READING scroll labelled VOACUS OSKUER.
  2615 | D:3      | 2615 ||| Stepping ~*~*~tactically~*~*~ (water).
  2728 | D:3      | Reached XP level 5. HP: 32/32 MP: 5/5
  2770 | D:3      | 2770 ||| Stepping ~*~*~tactically~*~*~ (hiding).
  2786 | D:3      | 2786 ||| Stepping ~*~*~tactically~*~*~ (stealth).
  2789 | D:3      | 2789 ||| Stepping ~*~*~tactically~*~*~ (stealth).
  2811 | D:3      | 2811 ||| DROPPING +0 club.
  2855 | D:3      | Noticed a phantom
  2872 | D:3      | Killed a phantom
  2873 | D:3      | Reached skill level 5 in Axes
  2873 | D:3      | Reached XP level 6. HP: 17/37 MP: 6/6
  3300 | D:3      | 3300 ||| Stepping ~*~*~tactically~*~*~ (stealth).
  3398 | D:3      | 3398 ||| READING scroll labelled OSCHAS BOTEURCH.
  3399 | D:3      | 3399 ||| READING scroll labelled DYARUM SIULI.
  3424 | D:3      | 3424 ||| DRINKING 3 metallic orange potions.
  3489 | D:4      | 3489 ||| DROPPING +0 whip.
  3509 | D:4      | Reached skill level 1 in Dodging
  3558 | D:4      | Found a broken altar of Ashenzari.
  3562 | D:4      | 3562 ||| Stepping ~*~*~tactically~*~*~ (hiding).
  3563 | D:4      | 3563 ||| Stepping ~*~*~tactically~*~*~ (hiding).
  3564 | D:4      | 3564 ||| Stepping ~*~*~tactically~*~*~ (hiding).
  3565 | D:4      | 3565 ||| Stepping ~*~*~tactically~*~*~ (hiding).
  3566 | D:4      | 3566 ||| Stepping ~*~*~tactically~*~*~ (hiding).
  3696 | D:4      | 3696 ||| DRINKING 2 potions of curing.
  3696 | D:4      | 3696 ||| (to cure confusion)
  3699 | D:4      | HP: 7/38 [something/magic dart (5)]
  3706 | D:4      | HP: 6/38 [something (3)]
  3708 | D:4      | 3708 ||| DRINKING potion of curing.
  3708 | D:4      | 3708 ||| (to cure confusion)
  3719 | D:4      | HP: 6/38 [orc/+2 vampiric whip (2)]
  3723 | D:4      | Slain by an orc priest

Levels and vault maps discovered:
D:1:      lemuel_arrival_tunnels, layout_basic, serial_bayou,
          serial_bayou_crossing, serial_bayou_shore_b, serial_bayou_pond_d,
          serial_bayou_pond_e, grunt_decor_mini_mirrors, st_stairs_14,
          due_unseen_surprise
D:2:      minmay_razor_zed, layout_loops_ring, nicolae_eternal_life
D:3:      cheibrodos_helix_gallery, layout_loops_ring, supply_closet_lemuel,
          chequers_serial_rivers_room_a, dreamdust_wishing_well
D:4:      layout_basic, evilmike_ruin_ashenzari

Skill      XL: |  1  2  3  4  5  6 |
---------------+-------------------+-----
Axes           | 2 3 4 5 |  5.7
Fighting       | 4 |  4.0
Dodging        | 1 |  1.5
Armour         | |  3.2
Shields        | |  3.2

Action                     |  1- 3 |  4- 6 || total
---------------------------+-------+-------++-------
  Melee: War axe           |   106 |   162 ||   268
  Throw: Boomerang         |       |     9 ||     9
    Use: Scroll            |     4 |     3 ||     7
         Potion            |       |     3 ||     3
 Armour: Scale mail        |    48 |    93 ||   141
  Dodge: Dodged            |    50 |    56 ||   106
  Block: Buckler           |    20 |    18 ||    38

Table legend:
 A = Non-vault XP
 B = Vault XP
 C = Vault XP percentage of total XP
 D = Non-vault monster count
 E = Vault monster count
 F = Vault count percentage of total count
                 A         B        C        D         E       F
            +---------+---------+-------+---------+---------+-------
      Total |     481 |      75 |  13.5 |      68 |      16 |  19.0
            +---------+---------+-------+---------+---------+-------
        D:1 |      14 |       2 |  12.5 |      10 |       1 |   9.1
        D:2 |      32 |      71 |  68.9 |      17 |      13 |  43.3
        D:3 |     212 |       2 |   0.9 |      25 |       2 |   7.4
        D:4 |     223 |       0 |   0.0 |      16 |       0 |   0.0
            +---------+---------+-------+---------+---------+-------
